 Dungeon Crawl Stone Soup version 0.21.0-26-g889b8f6872 (webtiles) character file.

6881 FessEmpty2 the Fighter (level 10, 0/84 HPs)
             Began as a Demonspawn Fighter on Jan 28, 2018.
             Was a Priest of Makhleb.
             Killed by vampiric draining
             ... invoked by Josephine
              (10 damage)
             ... on level 9 of the Dungeon.
             The game lasted 00:46:42 (11014 turns).

FessEmpty2 the Fighter (Demonspawn Fighter)        Turns: 11014, Time: 00:46:42

Health: 0/84       AC: 25    Str: 23    XL:     10   Next: 79%
Magic:  15/15      EV:  6    Int: 10    God:    Makhleb [***...]
Gold:   86         SH: 10    Dex: 13    Spells: 9/9 levels left

rFire    + + +     SeeInvis .   A - +4 flail
rCold    + . .     Gourm    .   c - +0 shield
rNeg     . . .     Faith    .   L - +7 chain mail of Parts Unknown {rF++}
rPois    +         Spirit   .   x - +0 helmet of Leiricvo {MR+ Str+4 Stlth+}
rElec    +         Reflect  .   n - +0 cloak
rCorr    +         Harm     .   g - +2 pair of gloves
MR       +....                  p - +0 pair of boots
Stlth    ..........             (no amulet)
HPRegen  0.24/turn              h - ring of resist corrosion
MPRegen  0.14/turn              e - ring of poison resistance

@: resistant, heavily drained
A: hooves 1, rugged brown scales 1, powered by death 1
a: Minor Destruction, Lesser Servant of Makhleb, Renounce Religion


You were on level 9 of the Dungeon.
You worshipped Makhleb.
Makhleb was most pleased with you.
You were not hungry.

You visited 2 branches of the dungeon, and saw 10 of its levels.

You collected 522 gold pieces.
You spent 436 gold pieces at shops.

Inventory:

Hand Weapons
 A - a +4 flail (weapon)
Armour
 c - a +0 shield (worn)
 g - a +2 pair of gloves (worn)
 n - a +0 cloak (worn)
 p - a +0 pair of boots (worn)
 x - the +0 helmet of Leiricvo (worn) {MR+ Str+4 Stlth+}
   (You bought it in a shop on level 5 of the Dungeon)

   It affects your strength (+4).
   It affects your resistance to hostile enchantments.
   It makes you more stealthy.
 J - +0 storm dragon scales
 L - the +7 chain mail of Parts Unknown (worn) {rF++}
   (You bought it in a shop on level 5 of the Dungeon)

   It greatly protects you from fire.
Jewellery
 e - a ring of poison resistance (right hand)
 h - a ring of resist corrosion (left hand)
 C - an uncursed ring of ice
 D - an uncursed ring of positive energy
 F - an uncursed ring of see invisible
 I - an uncursed ring of protection from magic
Wands
 o - a wand of flame (21)
 y - a wand of acid (7)
 z - a wand of scattershot (5)
Scrolls
 a - a scroll of silence {unknown}
 b - a scroll of noise {unknown}
 k - a scroll of enchant armour
 l - a scroll of remove curse
 m - 2 scrolls of enchant weapon {unknown}
 q - a scroll of amnesia
 r - 3 scrolls of magic mapping
 u - 2 scrolls of fog {unknown}
 B - a scroll of blinking {unknown}
 G - 2 scrolls of teleportation {unknown}
Potions
 j - 2 potions of cancellation
 s - 2 potions of curing
 t - 2 potions of mutation
 v - a potion of resistance
 w - a potion of brilliance
Comestibles
 f - 22 rations


   Skills:
 + Level 8.4(6.1) Fighting
 + Level 7.4(5.2) Maces & Flails
 + Level 7.7(5.5) Armour
 + Level 7.7(5.5) Shields
 * Level 6.9(4.8) Invocations


You had 9 spell levels left.
You didn't know any spells.

Dungeon Overview and Level Annotations

Branches:
Dungeon (9/15)             Temple (1/1) D:4
   Lair: D:8-11         Orc: D:9-12

Altars:
Ashenzari
Cheibriados
Dithmenos
Elyvilon
Fedhas
Gozag
Hepliaklqana
Kikubaaqudgha
Makhleb
Nemelex Xobeh
Okawaru
Qazlal
Ru
Sif Muna
Trog
Uskayaw
Vehumet
Wu Jian
Xom
Yredelemnul
Zin
The Shining One

Shops:
D:5 [   D:9 [([

Annotations:
D:8 1 exclusion
D:9 1 exclusion, Josephine


Innate Abilities, Weirdness & Mutations

You have large cloven feet.
You are partially covered in rugged brown scales. (AC +1, +3% HP)
You regenerate a little health from kills.


Message History

Josephine gestures at you while chanting.
The ghostly flame explodes!
The ghostly fireball engulfs you!
You feel drained.
* * * LOW HITPOINT WARNING * * *
The ghostly fireball engulfs Josephine.
Josephine completely resists.
The ghostly fireball engulfs the wight.
The wight completely resists.
You hear a shout!
Okay, then.
Okay, then.
Okay, then.
Firing (i - inventory): No suitable missiles.
Press: ? - help, Shift-Dir - straight line, f - Josephine
Aim: Josephine, wielding a dagger of venom and wearing a robe (severely wounded)
Okay, then.
Okay, then.
As you read the scroll of fear, it crumbles to dust.
You assume a fearsome visage.
The wight is unaffected. x2
Josephine looks frightened!
The adder skeleton is unaffected.
The wight hits you but does no damage.
Josephine is infused with unholy energy.
You die...

.........
#.....#..# .♣ ≈
.........
.#.#...#..######.♣
.........
..................♣
...#####
###.....#.#.......♣
##.#
..........##......#
...#
....z....####[)...#
(###
#####Zz..##.)<....#
.# #@z.....#)....#
.# #..#
#.@...###.........
.# .... #...###
#########. .# ##..#
#..## .# $.Z. #..#
.# ##.z## #.## .#
#.... #.# .# #..#
#.# ## #$.# #.# #
#..######.#


You could see Josephine (fleeing), 3 wights and an adder skeleton.

Vanquished Creatures
  A troll (D:9)
  Grinder (D:3)
  Prince Ribbit (D:7)
  A hippogriff (D:9)
  4 flying skulls (D:9)
  Sigmund (D:5)
  3 yaks (D:9)
  7 shadows (D:9)
  A hungry ghost (D:9)
  The ghost of oldnick the Conjurer, an amateur DgCj (D:4)
  A black bear (D:8)
  3 sky beasts
  2 ice beasts
  A phantom (D:8)
  3 ogres
  4 centaurs
  2 big kobolds
  4 bullfrogs
  A water moccasin zombie (D:9)
  A water moccasin skeleton (D:9)
  12 killer bees
  3 wights
  4 crimson imps
  A centaur zombie (D:9)
  8 hounds
  3 jellies
  2 bullfrog skeletons (D:9)
  A bullfrog zombie (D:9)
  A centaur skeleton (D:9)
  A gnoll shaman (D:9)
  An orc priest (D:7)
  Crazy Yiuf (D:6)
  Terence (D:3)
  An orc wizard (D:7)
  2 worker ants
  A hound skeleton (D:9)
  3 hound zombies
  A worker ant zombie (D:9)
  A howler monkey zombie (D:7)
  10 gnolls
  A howler monkey skeleton (D:6)
  11 adders
  A river rat (D:5)
  3 shadow imps
  An ooze (D:1)
  2 adder skeletons
  An adder zombie (D:9)
  3 worms
  A dart slug (D:3)
  4 leopard geckos
  6 orcs
  A ball python (D:3)
  11 bats
  3 giant cockroaches
  6 hobgoblins
  11 jackals
  26 kobolds
  7 frilled lizards
  4 goblins
  A leopard gecko skeleton (D:4)
  A quokka skeleton (D:8)
  15 rats
221 creatures vanquished.

Vanquished Creatures (others)
  4 plants (D:9)
4 creatures vanquished.

Grand Total: 225 creatures vanquished

Notes
Turn   | Place    | Note
-------+----------+-------------------------------------------
     0 | D:1      | FessEmpty2 the Demonspawn Fighter began the quest for the Orb.
     0 | D:1      | Reached XP level 1. HP: 18/18 MP: 1/1
   133 | D:1      | Gained mutation: You regenerate a little health from kills. [demonic ancestry]
   133 | D:1      | Reached XP level 2. HP: 24/24 MP: 2/2
   504 | D:1      | Gained mutation: You are partially covered in rugged brown scales. (AC +1, +3% HP) [demonic ancestry]
   504 | D:1      | Reached XP level 3. HP: 20/29 MP: 3/3
   946 | D:2      | Found an iron altar of Okawaru.
  1605 | D:2      | Gained mutation: You have large cloven feet. [demonic ancestry]
  1605 | D:2      | Reached XP level 4. HP: 24/37 MP: 4/4
  1663 | D:2      | Noticed a centaur
  1665 | D:2      | Killed a centaur
  1665 | D:2      | Reached XP level 5. HP: 43/43 MP: 5/5
  2199 | D:3      | Noticed Terence
  2218 | D:3      | Killed Terence
  2218 | D:3      | Reached skill level 4 in Fighting
  2599 | D:3      | Found a hazy altar of Hepliaklqana.
  2599 | D:3      | Found a stormy altar of Qazlal.
  3401 | D:3      | Reached XP level 6. HP: 49/49 MP: 6/6
  3464 | D:3      | Noticed Grinder
  3479 | D:3      | Paralysed by Grinder for 5 turns
  3486 | D:3      | Killed Grinder
  3818 | D:4      | Found a shimmering altar of Xom.
  4089 | D:4      | Found a staircase to the Ecumenical Temple.
  4141 | Temple   | Entered the Ecumenical Temple
  4236 | Temple   | Became a worshipper of Makhleb the Destroyer
  4272 | D:4      | Noticed oldnick's ghost (amateur DgCj)
  4650 | D:4      | Killed oldnick's ghost
  4650 | D:4      | Reached XP level 7. HP: 19/56 MP: 7/7
  5132 | D:5      | Entered Level 5 of the Dungeon
  5138 | D:4      | Reached skill level 5 in Fighting
  5506 | D:5      | Noticed Sigmund
  5728 | D:5      | Found Ruuxzyme's Antique Armour Boutique.
  5788 | D:5      | Found a sacrificial altar of Ru.
  6018 | D:5      | Reached skill level 5 in Armour
  6018 | D:5      | Reached skill level 5 in Shields
  6018 | D:5      | Reached XP level 8. HP: 59/64 MP: 8/8
  6102 | D:5      | Bought a spiked helmet for 218 gold pieces
  6108 | D:5      | Identified the cursed +0 helmet of Leiricvo {MR+ Str+4 Stlth+} (You bought it in a shop on level 5 of the Dungeon)
  6679 | D:6      | Found a sacrificial altar of Ru.
  6865 | D:6      | Found a runed door.
  6873 | D:6      | Noticed Crazy Yiuf
  6880 | D:6      | Killed Crazy Yiuf
  7136 | D:6      | Reached skill level 5 in Maces & Flails
  7191 | D:7      | Found a radiant altar of Vehumet.
  7310 | D:7      | Reached skill level 6 in Fighting
  7389 | D:7      | Noticed Prince Ribbit
  7573 | D:7      | Reached * piety under Makhleb
  7735 | D:5      | Killed Sigmund
  8193 | D:7      | Reached XP level 9. HP: 72/73 MP: 9/9
  8488 | D:8      | Noticed a two-headed ogre
  8791 | D:8      | Reached ** piety under Makhleb
  8993 | D:8      | Reached skill level 7 in Fighting
  9286 | D:9      | Found Bixiyt's Armour Boutique.
  9369 | D:9      | Reached skill level 1 in Invocations
  9396 | D:9      | Noticed a two-headed ogre
  9988 | D:7      | Killed Prince Ribbit
 10050 | D:5      | Bought a slimy chain mail for 218 gold pieces
 10060 | D:5      | Identified the +7 chain mail of Parts Unknown {rF++} (You bought it in a shop on level 5 of the Dungeon)
 10150 | D:9      | Noticed a troll
 10206 | D:9      | Reached XP level 10. HP: 81/82 MP: 12/12
 10231 | D:9      | Reached *** piety under Makhleb
 10249 | D:9      | Found Lojishrun's Antique Weapon Boutique.
 10314 | D:9      | Found Orghigya's Armour Shoppe.
 10788 | D:9      | Reached skill level 8 in Fighting
 10823 | D:9      | Reached skill level 5 in Invocations
 10961 | D:9      | Noticed a skeletal warrior
 10990 | D:9      | Noticed Josephine
 11014 | D:9      | Killed from afar by Josephine

Skill      XL: |  1  2  3  4  5  6  7  8  9 10 |
---------------+-------------------------------+-----
Maces & Flails | 2 3 4 5 6 7 |  7.4
Shields        | 3 4 5 6 7 |  7.7
Armour         | 3 4 5 6 7 |  7.7
Fighting       | 4 5 6 7 8 |  8.4
Invocations    | 2 6 |  6.9

Action                   |  1- 3 |  4- 6 |  7- 9 | 10-12 || total
-------------------------+-------+-------+-------+-------++-------
Melee: Flail             |   195 |   190 |   409 |   232 ||  1026
       Kick              |       |     7 |       |       ||     7
       Mace              |       |       |   156 |       ||   156
Invok: Minor Destruction |       |       |     1 |       ||     1
  Use: Scroll            |     1 |     2 |    14 |     1 ||    18
       Potion            |       |     2 |     3 |     2 ||     7
 Stab: Sleeping          |       |       |     5 |       ||     5
  Eat: Chunk             |     2 |     6 |    17 |     2 ||    27
       Ration            |       |     1 |     1 |     1 ||     3
Armor: Scale mail        |    52 |       |       |       ||    52
       Ring mail         |    56 |    96 |   325 |       ||   477
       Chain mail        |       |       |    17 |   169 ||   186
Dodge: Dodged            |    58 |    41 |   225 |    47 ||   371
Block: Shield            |   100 |    82 |   359 |   138 ||   679
